AoeStats
← ddk

Arabia

510122764Analyzed
1v1 RM · 2d ago on Sep 29, 2026· 55m 0s· 2 players
Game mode
Random Map
Map size
Tiny (2 player)
Population
200
Speed
Normal
Resources
Standard
Victory
Conquest
Starting age
Dark Age
Ending age
Imperial Age
RankedLock teamsTeams togetherTeam positionsShared explorationLock speedFull tech treeHidden civsTurbo modeCheats
Victory
Defeat
🇸🇰 Britons · Slovakia
1045
+16
🇫🇷 Franks · France
1049
-16
ddk
6:30 Loom
9:21 Feudal Age
9:56 Double-Bit Axe
11:33 Horse Collar
15:20 Wheelbarrow
19:31 Castle Age
20:51 Bow Saw
20:47 Heavy Plow
20:48 Stone Mining
20:51 Gold Mining
26:59 Hand Cart
26:30 Town Watch
31:39 Elite Skirmisher
35:43 Imperial Age
33:29 Padded Archer Armor
33:19 Fletching
34:57 Ballistics
34:54 Leather Archer Armor
35:40 Gold Mining
35:42 Treadmill Crane
36:13 Masonry
35:27 Pikeman
36:08 Squires
35:54 Arson
35:41 Crossbowman
36:35 Halberdier
36:53 Arbalester
38:14 Town Patrol
38:45 Scale Mail Armor
38:58 Forging
42:44 Bodkin Arrow
43:22 Ring Archer Armor
43:30 Conscription
45:11 Chemistry
44:43 Architecture
44:06 Light Cavalry
46:14 Two-Man Saw
46:57 Bracer
47:07 Scale Barding Armor
47:38 Iron Casting
49:50 Yeomen
53:04 Chain Barding Armor
53:48 Blast Furnace
53:05 Chain Mail Armor
53:26 Husbandry
tony45330
7:17 Loom
9:25 Feudal Age
11:05 Double-Bit Axe
21:12 Castle Age
19:44 Gold Mining
20:05 Padded Archer Armor
19:56 Fletching
20:09 Padded Archer Armor
22:13 Bodkin Arrow
22:49 Bow Saw
26:33 Ballistics
26:21 Stone Mining
27:33 Wheelbarrow
31:02 Husbandry
31:11 Scale Barding Armor
31:16 Forging
37:10 Imperial Age
36:10 Chain Barding Armor
35:43 Town Watch
38:10 Hand Cart
37:48 Cavalier
39:04 Conscription
40:49 Chemistry
42:10 Treadmill Crane
42:02 Light Cavalry
43:24 Elite Skirmisher
45:39 Plate Barding Armor
45:40 Iron Casting
45:21 Leather Archer Armor
47:52 Paladin
50:36 Blast Furnace
Connection lost

Rejoining the realm…

Still unreachable

The connection could not be restored.

Session expired

The server has moved on; the page needs a fresh start.